 Dungeon Crawl Stone Soup version 0.28.0-45-g0d030f2227 (webtiles) character file.

Game seed: 5963790802258777821

74 Eitelfritz the Skirmisher (level 4, 0/41 HPs)
             Began as a Hill Orc Fighter on Apr 10, 2022.
             Slain by an orc
             ... wielding a +0 flail
              (5 damage)
             ... on level 3 of the Dungeon.
             The game lasted 00:03:09 (2058 turns).

Eitelfritz the Skirmisher (Hill Orc Fighter)        Turns: 2058, Time: 00:03:10

Health: 0/41       AC:  8    Str: 20    XL:     4   Next: 30%
Magic:  4/4        EV:  9    Int:  8    God:
Gold:   25         SH:  4    Dex: 10    Spells: 3/3 levels left

rFire   . . .      SeeInvis +   a - +0 war axe
rCold   . . .      Faith    .   c - +0 buckler
rNeg    . . .      Spirit   .   b - +0 scale mail
rPois   .          Reflect  .   (no helmet)
rElec   .          Harm     .   (no cloak)
rCorr   .          Rampage  .   (no gloves)
Will    .....                   o - +0 pair of boots
Stlth   ..........              (no amulet)
HPRegen 0.13/turn               j - ring of see invisible
MPRegen 0.09/turn               (no ring)

@: no status effects
A: no striking features
a: Convert to Beogh


You were on level 3 of the Dungeon.
You visited 1 branch of the dungeon, and saw 3 of its levels.

You collected 25 gold pieces.

Inventory:

Hand Weapons
 a - a +0 war axe (weapon)
Missiles
 p - 4 poisoned darts (quivered)
Armour
 b - a +0 scale mail (worn)
 c - a +0 buckler (worn)
 h - a +0 plate armour
 i - an orb of light
 o - a +0 pair of boots (worn)
Jewellery
 j - a ring of see invisible (left hand)
Scrolls
 e - 3 scrolls of identify {unknown}
 k - a scroll of teleportation {unknown}
Potions
 d - a potion of might
 f - 2 potions of curing {unknown}
 g - a potion of degeneration {unknown}
 l - 2 potions of heal wounds {unknown}
 m - a potion of mutation {unknown}
 n - a potion of lignification {unknown}


   Skills:
 + Level 4.3 Fighting
 + Level 3.6 Axes
 + Level 4.1 Armour
 + Level 0.4 Dodging
 + Level 0.1 Stealth
 + Level 3.6 Shields


You had 3 spell levels left.
You didn't know any spells.
Your spell library contained the following spells:

 Spells                   Type           Power      Damage    Failure   Level
 Summon Small Mammal      Summ           0%         N/A       85%         1
 Call Canine Familiar     Summ           0%         N/A       99%         3
 Summon Guardian Golem    Hex/Summ       0%         N/A       99%         3


Dungeon Overview and Level Annotations

Branches:
Dungeon (3/15)

Altars:

Shops:
D:1 *


Message History

The orc barely misses you.
The orc priest hits you but does no damage.
The orc priest calls upon Beogh to heal the orc priest.
The orc priest shouts, "Surrender to Beogh and we'll let you live!"
The orc priest is healed somewhat.
You hit the orc priest.
The orc priest is moderately wounded.
You hit the orc priest but do no damage.
The orc hits you but does no damage. The orc priest closely misses you.
You block the orc priest's attack.
You barely miss the orc priest.
The orc priest is moderately wounded.
You closely miss the orc priest. The orc hits you but does no damage.
You block the orc priest's attack.
The orc priest calls down the wrath of Beogh upon you.
Beogh smites you!
The orc hits you from afar with a +0 trident.
The orc priest hits you but does no damage.
The orc priest threatens, "By the altar or by the axe, you will meet Beogh!"
You barely miss the orc priest.
The orc priest is moderately wounded.
You hit the orc priest.
The orc priest looks braver for a moment.
You block the orc's attack.
The orc priest calls upon Beogh to heal the orc priest.
The orc priest is healed somewhat.
The orc priest calls upon Beogh to heal the orc priest.
The orc priest is healed somewhat.
You slash the orc priest!
The orc priest is heavily wounded.
You completely miss the orc priest.
The orc priest shouts, "Beogh is our master!
Accept the truth or die!"
You hit the orc. The orc barely misses you.
The orc hits you but does no damage.
The orc priest calls down the wrath of Beogh upon you.
Beogh smites you!
* * * LOW HITPOINT WARNING * * *
The orc priest hits you but does no damage.
The orc hits you with a +0 flail.
You die...

...................†...>.
....##....8.8.8...##.#...
..........._......##.#...
...###...8.8.8#..##.#...
#......###..##.#...
#.##8.8# #..##.#...
#.###### #..##.#...
#......# #..##.#...
##@....# #..#
..>...ooo...#
......o..#### .........#
.......... ..........#
..........# .......$..#


You could see 2 orc priests and 2 orcs.

Vanquished Creatures
  3 adders (D:2)
  3 dart slugs (D:2)
  6 endoplasms
  2 giant cockroaches
  A hobgoblin (D:1)
  4 jackals (D:2)
  A quokka (D:3)
  6 ball pythons
  3 bats
  3 frilled lizards
  6 goblins
  3 kobolds
  3 rats (D:1)
44 creatures vanquished.

Notes
Turn   | Place    | Note
-------+----------+-------------------------------------------
     0 | D:1      | Eitelfritz the Hill Orc Fighter began the quest for the
                  | Orb.
     0 | D:1      | Reached XP level 1. HP: 19/19 MP: 1/1
    27 | D:1      | Found Iteac's Assorted Antiques.
   315 | D:1      | Reached XP level 2. HP: 26/27 MP: 2/2
   651 | D:2      | Reached XP level 3. HP: 28/33 MP: 3/3
  1475 | D:2      | Reached XP level 4. HP: 39/40 MP: 4/4
  2027 | D:3      | Found a faded altar of an unknown god.
  2058 | D:3      | Slain by an orc

Illustrated notes

Levels and vault maps discovered:
D:1:      roderic_chinese_lattice_arrival, layout_rooms, serial_shops,
          nicolae_shop_overgrown_old_shop, palyth_stone_intersect
D:2:      layout_loops_corners
D:3:      layout_basic, ebering_ecumenical_altar_ruins

Skill      XL: |  1  2  3 |
---------------+----------+-----
Fighting       | 4 |  4.3
Axes           | 3 |  3.6
Armour         | 4 |  4.1
Dodging        | |  0.4
Stealth        | |  0.1
Shields        | |  3.6

Action                   |  1- 3 |  4- 6 || total
-------------------------+-------+-------++-------
Melee: War axe           |    91 |    38 ||   129
Armor: Scale mail        |    33 |    26 ||    59
Dodge: Dodged            |    59 |    20 ||    79
Block: Buckler           |    27 |    11 ||    38
